Map: Echo LE (Void)

Players

Emil - Winner!

  • Race: Terran Terran
  • League: Diamond

hatsukoi

  • Race: Terran Terran
  • League: Diamond

VOD

Have the link to the VOD?

Description

Time

  • Played on: Nov. 24, 2016, 2:28 p.m.
  • Length: 16:58
Show
View Real Time Build Order
Export as new Build Order

Emil Terran - Winner!

Build Orders:  

Get SALT Encoding   

  12  0:02  SCV  
  13  0:15  Supply Depot  
  13  0:22  SCV  
  14  0:39  Barracks, SCV  
  14  0:42  Refinery  
  15  0:51  SCV  
  16  1:07  SCV  
  17  1:19  SCV  
  18  1:27  Marine  
  18  1:30  Supply Depot  
  19  1:33  Orbital Command  
  19  1:52  Factory  
  19  2:10  Barracks Reactor  
  19  2:11  SCV  
  20  2:23  SCV  
  21  2:35  SCV  
  22  2:37  Command Center  
  22  2:47  SCV  
  22  2:50  Supply Depot  
  23  2:58  Marine  
  24  3:04  Hellion  
  24  3:05  Cyclone  
  29  3:06  SCV  
  30  3:19  Marine, SCV  
  31  3:26  Hellion  
  33  3:27  Supply Depot  
  33  3:37  Cyclone  
  36  3:43  SCV  
  36  3:47  Hellion  
  39  3:52  Refinery  
  39  3:55  Starport, SCV  
  40  3:56  Marine  
  41  4:07  SCV  
  41  4:09  Hellion x2  
  46  4:14  Marine  
  47  4:18  Orbital Command  
  47  4:19  SCV  
  48  4:32  Marine, SCV  
  48  4:34  Medivac  
  48  4:47  Orbital Command  
  48  4:48  SCV  
  50  4:55  Barracks Tech Lab  
  49  5:00  SCV  
  50  5:08  Refinery  
  50  5:09  Refinery  
  50  5:12  SCV  
  51  5:16  SCV  
  51  5:18  Engineering Bay  
  52  5:23  Factory  
  52  5:24  SCV  
  53  5:28  SCV  
  54  5:36  SCV  
  54  5:40  SCV  
  56  5:48  SCV  
  50  5:52  SCV  
  51  6:00  SCV  
  46  6:05  SCV  
  46  6:06  Siege Tank  
  50  6:12  SCV  
  50  6:17  Command Center, SCV  
  52  6:21  Hellion x2  
  52  6:24  SCV  
  57  6:27  Starport Reactor  
  57  6:29  SCV  
  57  6:31  Missile Turret  
  58  6:37  Missile Turret, SCV  
  58  6:38  Siege Tank  
  62  6:40  Missile Turret  
  62  6:48  Supply Depot x2  
  62  6:51  Supply Depot x2  
  62  6:52  Armory  
  62  7:00  Supply Depot  
  62  7:01  Missile Turret  
  62  7:04  Supply Depot  
  62  7:10  Siege Tank, Hellion x2, SCV x2  
  71  7:17  Missile Turret  
  71  7:20  Viking  
  71  7:21  Viking  
  71  7:22  SCV x2  
  77  7:32  Hellion  
  77  7:34  SCV x2  
  77  7:35  Missile Turret  
  77  7:36  Hellion  
  83  7:38  Orbital Command  
  83  7:42  Hellion  
  85  7:46  SCV x2  
  87  7:53  Hellion  
  89  7:58  SCV x2  
  91  8:08  Sensor Tower  
  91  8:10  SCV x2  
  87  8:24  SCV x2  
  82  8:36  SCV x2  
  82  8:40  Liberator x2  
  81  8:46  Orbital Command  
  81  8:47  Hellion  
  81  8:48  Hellion  
  87  8:49  Siege Tank  
  92  8:56  Factory  
  92  8:57  Factory  
  92  8:59  Factory  
  94  9:02  Terran Vehicle Weapons Level 1  
  94  9:09  Hellion x2  
  98  9:21  Siege Tank  
  101  9:25  SCV x2  
  101  9:30  Hellion  
  105  9:41  SCV x2  
  105  9:42  SCV  
  108  9:47  Factory Tech Lab x3  
  108  9:48  Factory Reactor  
  104  9:53  SCV  
  104  9:54  SCV x2  
  103  10:25  Siege Tank x3  
  96  10:40  Hellion x3  
  96  10:41  Hellion  
  88  10:47  Viking x2  
  89  10:57  Siege Tank x3  
  89  11:01  Hellion  
  89  11:02  Hellion x3  
  90  11:17  Viking  
  92  11:23  Hellion x4  
  100  11:29  Hellion x2  
  100  11:30  Hellion  
  101  11:43  Medivac  
  101  11:44  Hellion  
  101  11:45  Hellion x2  
  109  11:53  Infernal Pre-Igniter  
  109  12:01  Supply Depot  
  109  12:04  Supply Depot  
  109  12:06  Command Center, Supply Depot  
  109  12:08  Supply Depot  
  109  12:19  Missile Turret  
  109  12:20  Missile Turret  
  109  12:22  Medivac x2, Hellion x2  
  117  12:26  Hellion x3  
  121  12:41  SCV x2  
  125  12:44  Hellion  
  125  12:47  Hellion  
  119  12:53  SCV x2  
  101  13:32  Viking  
  101  13:33  Viking  
  105  13:47  Terran Vehicle Weapons Level 2  
  105  13:50  Thor x3  
  105  13:55  Refinery x2  
  123  13:59  Missile Turret  
  123  14:02  Viking  
  123  14:03  Viking  
  123  14:05  Missile Turret  
  123  14:08  Hellion x4  
  135  14:12  Orbital Command  
  135  14:13  Hellion x6  
  126  14:29  Hellion  
  126  14:30  Hellion x3  
  134  14:32  Viking  
  134  14:33  Hellion  
  134  14:34  Hellion  
  128  15:08  Hellion  
  128  15:09  Viking x2, Hellion  
  132  15:16  Armory  
  132  15:24  Command Center  
  132  15:37  Hellion x4  
  132  15:38  Siege Tank x3  
  132  15:39  Viking x2  
  153  15:59  Hellion  
  153  16:00  Hellion  
  157  16:06  Supply Depot  
  157  16:08  Supply Depot  
  157  16:09  Supply Depot  
  157  16:10  Supply Depot  
  157  16:19  Orbital Command  
  157  16:28  Hellion  
  157  16:30  Hellion  
  170  16:33  Refinery  
  170  16:37  Refinery  
Show
View Real Time Build Order
Export as new Build Order

hatsukoi Terran 

Build Orders: MMM Bio 

Get SALT Encoding   

  12  0:01  SCV  
  13  0:13  SCV  
  14  0:20  Supply Depot  
  14  0:25  SCV  
  15  0:29  Refinery  
  15  0:41  SCV  
  16  0:48  Barracks  
  16  0:53  SCV  
  17  1:05  SCV  
  18  1:18  SCV  
  20  1:32  SCV  
  20  1:37  Factory  
  20  1:47  Orbital Command  
  20  1:49  Supply Depot, Reaper  
  21  2:03  Refinery  
  21  2:15  SCV  
  22  2:21  Hellion  
  24  2:24  Reaper  
  24  2:29  SCV  
  26  2:37  Supply Depot  
  26  2:41  Supply Depot  
  26  2:42  SCV  
  27  2:45  Hellion  
  27  2:47  Supply Depot  
  29  3:03  Reaper  
  30  3:06  Hellion  
  32  3:18  SCV  
  33  3:25  Starport  
  33  3:40  Factory Tech Lab  
  33  3:46  Barracks Reactor  
  33  3:51  SCV  
  33  3:52  Barracks  
  34  3:59  Command Center  
  33  4:15  Siege Tank, Medivac  
  38  4:22  Supply Depot  
  38  4:24  Supply Depot  
  38  4:25  SCV  
  38  4:27  Engineering Bay  
  39  4:39  Barracks  
  31  4:50  Marine  
  31  4:51  Marine x2  
  34  4:58  Siege Tank  
  37  5:00  Starport Reactor  
  37  5:02  SCV  
  38  5:11  Supply Depot, Barracks Tech Lab  
  38  5:12  Marine x2  
  40  5:17  Orbital Command  
  40  5:19  SCV  
  40  5:20  Supply Depot  
  41  5:22  Liberator  
  41  5:29  Barracks Reactor  
  41  5:30  Marine  
  41  5:31  SCV  
  41  5:33  Marine x2  
  48  5:43  SCV  
  48  5:49  SCV  
  50  5:55  Stimpack  
  44  6:09  Siege Tank  
  44  6:10  Marine x2  
  44  6:11  Marine x3  
  52  6:18  SCV  
  52  6:19  SCV  
  54  6:36  Missile Turret  
  54  6:37  Missile Turret  
  54  6:38  Terran Infantry Weapons Level 1, Missile Turret  
  54  6:39  Missile Turret  
  54  6:46  Engineering Bay  
  54  6:52  Supply Depot  
  55  7:01  SCV x2  
  55  7:02  Missile Turret x2  
  56  7:19  Supply Depot, Marine x5  
  56  7:21  SCV  
  62  7:26  SCV  
  62  7:29  Refinery  
  63  7:33  SCV  
  63  7:36  Marine  
  65  7:38  Terran Infantry Armor Level 1  
  65  7:41  SCV  
  66  7:45  SCV  
  66  7:46  Armory  
  67  7:56  Combat Shields  
  67  8:05  Marine  
  67  8:06  Marine x4  
  67  8:09  Siege Tank  
  67  8:10  Viking  
  77  8:23  Marine  
  56  8:38  Marine x2  
  56  8:39  Marine x2  
  56  8:41  Marine  
  56  8:44  Refinery  
  56  8:49  SCV x2  
  58  8:56  Medivac x2, Marine x2  
  58  8:57  Marine x2  
  58  8:59  Marine  
  66  9:14  Marine x4  
  70  9:17  Marine  
  71  9:27  Medivac x2  
  71  9:28  Command Center  
  75  9:31  Marine  
  75  9:32  Marine x3  
  75  9:34  Marine  
  80  9:40  SCV  
  80  9:45  Supply Depot  
  81  9:49  Marine x2  
  81  9:50  Marine x2  
  85  9:57  Viking x2  
  89  10:04  Marine  
  90  10:07  Marine x2  
  90  10:08  Marine  
  93  10:35  Marauder, Marine x4  
  76  10:53  Orbital Command, Marine x4  
  82  10:57  Marauder  
  82  10:58  Liberator x2  
  82  11:10  Marine  
  82  11:11  Marine x2  
  90  11:18  Marauder  
  90  11:24  Marine  
  91  11:28  Marine  
  91  11:29  SCV x2  
  91  11:30  SCV  
  95  11:40  Barracks  
  95  11:41  SCV x2  
  95  11:42  Barracks, SCV  
  95  11:44  Barracks  
  95  11:46  Marine x2  
  95  11:47  Marine x2  
  100  11:48  Marine  
  100  11:52  Siege Tank  
  100  11:53  SCV x2  
  100  11:54  SCV  
  109  12:04  Marine  
  109  12:05  SCV x2  
  109  12:06  SCV  
  113  12:08  Supply Depot  
  113  12:09  Supply Depot  
  113  12:10  Supply Depot  
  113  12:12  Terran Infantry Armor Level 2  
  113  12:16  Terran Infantry Weapons Level 2  
  113  12:17  SCV x2  
  113  12:18  SCV  
  85  12:46  Barracks Tech Lab  
  85  12:47  Barracks Tech Lab x2  
  44  13:05  Command Center  
  42  13:06  Concussive Shells  
  42  13:08  Marine  
  41  13:41  Marine  
  41  13:42  Marine x3  
  41  13:44  SCV  
  41  13:48  SCV  
  47  13:51  SCV  
  48  13:57  Terran Vehicle And Ship Armor Level 1  
  48  13:59  SCV  
  48  14:02  SCV  
  50  14:03  SCV  
  50  14:09  Marine  
  51  14:10  Marine x2  
  35  14:30  Marine x4  
  35  14:31  Marine x4  
  42  14:48  Marine  
  31  15:00  SCV x3  
  31  15:01  SCV  
  34  15:12  SCV x2  
  35  15:26  SCV x4  
  39  15:38  SCV x3  
  39  15:39  SCV  
  39  15:41  Marine  
  44  15:46  Siege Tank  
  44  15:48  Marine  
  48  15:50  SCV x2, Marine  
  48  15:51  Marine  
  48  15:54  SCV  
  48  15:56  SCV  
  54  16:02  SCV x2  
  56  16:06  SCV  
  56  16:08  SCV  
  58  16:14  SCV  
  60  16:25  SCV  
  60  16:26  SCV x3  
  63  16:37  SCV  
  63  16:38  SCV x2  
  63  16:39  SCV  
Tags
 
Composition
MMM Bio
Matchup
TvT
Race
Terran
Replay Pack
EmSC2Tv
Add a new tag
Caveats
  • Supply blocks, unpowered buildings, or Contaminate may cause inaccurate times.
  • Supply counts are checked every 10 seconds.